 Dungeon Crawl Stone Soup version 0.22-a0-21-g9421e3f (webtiles) character file.

42 terra52 the Cutter (level 3, -3/20 HPs)
             Began as a Vine Stalker Monk on Jan 2, 2018.
             Slain by a gnoll
             ... wielding a +0 flail
              (8 damage)
             ... on level 1 of the Dungeon.
             The game lasted 00:03:00 (564 turns).

terra52 the Cutter (Vine Stalker Monk)               Turns: 564, Time: 00:03:01

Health: -3/20      AC:  5    Str: 13    XL:     3   Next: 54%
Magic:  0/4        EV: 12    Int: 11    God:
Gold:   18         SH:  0    Dex: 16    Spells: 2/2 levels left

rFire    . . .     SeeInvis .   a - +0 short sword
rCold    . . .     Gourm    .   (no shield)
rNeg     . . .     Faith    .   i - +0 ring mail
rPois    .         Spirit   +   (no helmet)
rElec    .         Reflect  .   (no cloak)
rCorr    .         Harm     .   (no gloves)
MR       .....                  (no boots)
Stlth    ++........             (no amulet)
HPRegen  0.06/turn              (no ring)
MPRegen  0.09/turn              (no ring)

@: no status effects
A: fangs 2, magic shield, antimagic bite, no potion heal 3, rot immunity
a: no special abilities


You were on level 1 of the Dungeon.
You were not hungry.

You visited 1 branch of the dungeon, and saw 2 of its levels.

You collected 18 gold pieces.

Inventory:

Hand Weapons
 a - a +0 short sword (weapon)
 f - a +1 mace of crushing
Armour
 b - a +0 robe
 i - a +0 ring mail (worn)
Scrolls
 e - 2 scrolls of remove curse {unknown}
 h - a scroll of random uselessness {unknown}
 k - a scroll of immolation {unknown}
Potions
 d - a potion of cancellation {unknown}
 g - a potion of heal wounds {unknown}
 j - a potion of curing {unknown}
Comestibles
 c - a ration


   Skills:
 * Level 3.1 Fighting
 + Level 3.2 Short Blades
 + Level 2.7 Dodging
 * Level 3.0 Stealth


You had 2 spell levels left.
You didn't know any spells.

Dungeon Overview and Level Annotations

Branches:
Dungeon (2/15)

Altars:


Innate Abilities, Weirdness & Mutations

You have extremely sharp teeth.
When hurt, damage is shared between your health and your magic reserves.
Your bite disrupts and absorbs the magic of your enemies.
Potions cannot restore your health.
You are immune to rotting.


Message History

The gnoll hits you with a spear!
You closely miss the gnoll. You bite the gnoll, but do no damage.
The gnoll is moderately wounded.
The gnoll hits you with a spear.
* * * LOW HITPOINT WARNING * * *
The gnoll hits you but does no damage.
You see here 6 gold pieces.
The gnoll shouts!
You hear a shout!
An adder comes into view.
The adder hisses angrily.
The adder closely misses you. The adder barely misses you.
The gnoll closely misses you.
There is a stone staircase leading up here.
The gnoll hits you with a flail.
* * * LOW HITPOINT WARNING * * *
You climb upwards.
There is a stone staircase leading down here.
You closely miss the gnoll. You bite the gnoll, but do no damage.
The gnoll hits you with a flail!
You die...

###...### #.# #.. ##....#####
#.## ##. ##.#.....# #..# ##
#..####.# ##.# #### ##.# #.####
#.#######... #.## #..^.#
#..>......##
#..######.######.#########
###.#.............##########
#####.....#####@#####.#.........
#.....#.### #g### #.#.........
#.#####.# #...# #.#.......[.
#.......#### ###.###.#####.####
######.....######...........#
###.#.....##.........###
#.#####...รท........######
#.########........###....
#.##.....................


You could see a gnoll.

Vanquished Creatures
  An adder (D:2)
  2 dart slugs (D:1)
  5 goblins (D:1)
  4 hobgoblins (D:1)
  4 jackals (D:1)
  6 bats
  A frilled lizard (D:1)
  4 rats (D:1)
27 creatures vanquished.

Notes
Turn   | Place    | Note
-------+----------+-------------------------------------------
     0 | D:1      | terra52 the Vine Stalker Monk began the quest for the Orb.
     0 | D:1      | Reached XP level 1. HP: 11/11 MP: 2/2
    38 | D:1      | Reached XP level 2. HP: 10/16 MP: 1/3
   278 | D:1      | Reached XP level 3. HP: 20/20 MP: 4/4
   564 | D:1      | Slain by a gnoll

Vault maps used:
D:1:      dpeg_arrival_fog
D:2:      uniq_sigmund

Skill      XL: |  1  2  3 |
---------------+----------+-----
Fighting       | 3 |  3.1
Short Blades   | 3 |  3.2
Stealth        | 3 |  3.0
Dodging        | |  2.7

Action                   || total
-------------------------++-------
Melee: Short sword       ||    80
       Bite              ||    19
 Stab: Sleeping          ||     5
Armor: Robe              ||     9
       Ring mail         ||    16
Dodge: Dodged            ||    60

Table legend:
 A = Spawn XP
 B = Non-spawn XP
 C = Spawn XP percentage of total XP
 D = Spawn monster count
 E = Non-spawn monster count
 F = Spawn count percentage of total count
 G = Total turns spent on level
                    A         B        C        D         E        F      G
               +---------+---------+-------+---------+---------+-------+---------
         Total |       0 |      60 |   0.0 |       0 |      27 |   0.0 |   564
               +---------+---------+-------+---------+---------+-------+---------
           D:1 |       0 |      44 |   0.0 |       0 |      24 |   0.0 |   483
           D:2 |       0 |      16 |   0.0 |       0 |       3 |   0.0 |    81
               +---------+---------+-------+---------+---------+-------+---------
